 Dungeon Crawl Stone Soup version 0.30-a0-634-g8abc85282e (webtiles) character file.

Game seed: 11560047627371715364

56314 wormed the Fighter (level 14, -2/77 HPs)
             Began as a Vine Stalker Berserker on Jan 14, 2023.
             Was a High Priest of Trog.
             Shot with an arrow by a centaur warrior (7 damage)
             ... on level 13 of the Dungeon.
             The game lasted 00:26:32 (14197 turns).

wormed the Fighter (Vine Stalker Berserker)        Turns: 14197, Time: 00:26:32

Health: -2/77      AC: 11    Str: 26    XL:     14   Next: 81%
Magic:  0/5        EV: 22    Int:  7    God:    Trog [*****.]
Gold:   695        SH: 12    Dex: 19    Spells: 13/13 levels left

rFire   + + +      SeeInvis .    D - +4 eveningstar (antimagic)
rCold   . . .      Faith    .    n - +0 buckler
rNeg    . . .      Spirit   +    p - +0 troll leather armour
rPois   +          Reflect  +    F - +2 helmet
rElec   .          Harm     .    o - +0 cloak
rCorr   .          Rampage  .    P - +0 pair of gloves of the Distant Future {rF+ Will+ Dex+2}
Will    ++++.                    (no boots)
Stlth   +                        u - amulet of reflection
HPRegen 2.92/turn                J - +5 ring of evasion
MPRegen 0.09/turn                A - ring "Fuepnipn" {*Slow rPois rF+++ Str+4 Slay+4}

@: strong-willed, regenerating, studying Shields
A: fangs 3, regeneration 1, magic shield, antimagic bite, no potion heal 2
a: Renounce Religion, Berserk, Trog's Hand, Brothers in Arms


You were on level 13 of the Dungeon.
You worshipped Trog.
Trog was extremely pleased with you.
You visited 2 branches of the dungeon, and saw 18 of its levels.

You collected 1735 gold pieces.
You spent 1040 gold pieces at shops.

Inventory:

Hand Weapons
 q - the +11 war axe of Honour {heavy, Stlth+}
   (You found it on level 2 of the Lair of Beasts)

   Stlth:     It makes you more stealthy.
 y - a +4 flail
 D - a +4 antimagic eveningstar (weapon)
Missiles
 a - 36 poisoned darts
 v - 17 curare-tipped darts (quivered)
 K - 2 atropa-tipped darts
 M - 6 silver javelins
Armour
 n - a +0 buckler (worn)
 o - a +0 cloak (worn)
 p - a +0 troll leather armour (worn)
 F - a +2 helmet (worn)
 P - the +0 pair of gloves of the Distant Future (worn) {rF+ Will+ Dex+2}
   (You found it on level 4 of the Lair of Beasts)

   Dex:       It affects your dexterity (+2).
   rF:        It protects you from fire.
   Will:      It increases your willpower.
Jewellery
 e - a ring of ice
 g - a +6 ring of strength
 r - a ring of resist corrosion
 u - an amulet of reflection (around neck)
 A - the ring "Fuepnipn" (right hand) {*Slow rPois rF+++ Str+4 Slay+4}
   (You found it on level 7 of the Dungeon)

   [ring of slaying]

   Str:       It affects your strength (+4).
   Slay:      It affects your accuracy & damage with ranged weapons and melee
   (+4).
   rF:        It renders you almost immune to fire.
   rPois:     It protects you from poison.
   *Slow:     It may slow you when you take damage.
 B - a ring of see invisible
 J - a +5 ring of evasion (left hand)
Wands
 s - a wand of mindburst (24)
 t - a wand of roots (26)
 w - a wand of digging (14)
 E - a wand of polymorph (16)
 I - a wand of charming (15)
Scrolls
 b - a scroll of poison
 j - 3 scrolls of fog
 k - 11 scrolls of teleportation
 x - 2 scrolls of enchant weapon
 G - 2 scrolls of magic mapping
 L - a scroll of blinking
 N - a scroll of enchant armour
 Q - a scroll of vulnerability {unknown}
Potions
 c - 13 potions of curing
 d - 4 potions of flight
 f - 2 potions of berserk rage
 h - 6 potions of might
 i - 5 potions of mutation
 l - 5 potions of haste {unknown}
 m - 7 potions of attraction
 z - 2 potions of resistance {unknown}
 C - a potion of cancellation
 H - a potion of magic
 O - 2 potions of invisibility


   Skills:
 + Level 10.2 Fighting
 * Level 10.0(11.8) Axes
 - Level 10.1(11.9) Maces & Flails
 + Level 9.1 Armour
 + Level 9.1 Dodging
 + Level 9.8 Shields


You had 13 spell levels left.
You didn't know any spells.
Your spell library was empty.

Dungeon Overview and Level Annotations

Branches:
Dungeon (13/15)            Temple (0/1) D:7            Lair (5/5) D:8
  Swamp (0/4) Lair:2        Snake (0/4) Lair:3        Slime (0/5) Lair:5
    Orc (0/2) D:9
 Vaults: D:13-14

Altars:
Hepliaklqana
Makhleb
Okawaru
Ru
The Shining One

Shops:
D:8 :   D:12 (   D:13 *

Annotations:
D:6 1 transporter, themarg's ghost, novice GnTm


Innate Abilities, Weirdness & Mutations

You have razor-sharp teeth.
Your natural rate of healing is unusually fast.
When hurt, damage is shared between your health and your magic reserves.
Your bite disrupts and absorbs the magic of your enemies.
Potions cannot restore your health.


Message History

The six-headed hydra barely misses you.
You block the six-headed hydra's attack. x2
Your base Axes skill increases to level 10!
You puncture the six-headed hydra! You bite the six-headed hydra.
You drain its power.
You feel invigorated.
The six-headed hydra is lightly wounded.
The centaur warrior wields a +0 longbow.
The centaur warrior shoots an arrow.
The arrow hits you!
You block the six-headed hydra's attack.
The six-headed hydra barely misses you.
You block the six-headed hydra's attack.
The six-headed hydra completely misses you.
You block the six-headed hydra's attack.
The six-headed hydra completely misses you.
You sock the six-headed hydra! You bite the six-headed hydra.
You drain its power.
You feel invigorated.
The six-headed hydra is moderately wounded.
The centaur warrior shoots an arrow.
The arrow hits you!!
* * * LOW HITPOINT WARNING * * *
The six-headed hydra bites you.
* * * LOW HITPOINT WARNING * * *
The six-headed hydra completely misses you.
You block the six-headed hydra's attack.
The six-headed hydra bites you.
* * * LOW HITPOINT WARNING * * *
The six-headed hydra bites you.
* * * LOW HITPOINT WARNING * * *
The six-headed hydra bites you!
* * * LOW HITPOINT WARNING * * *
You bludgeon the six-headed hydra!!
The six-headed hydra is severely wounded.
The centaur warrior shoots an arrow.
You reflect the arrow off an invisible shield around you!
The arrow hits the six-headed hydra!!
You kill the six-headed hydra!
Trog accepts your kill.
Your skin crawls.
You feel strong-willed.
The centaur warrior shoots an arrow.
The arrow hits you!
You die...

.. #.......#
#.......##
#..........
#....#####+##
#....# #.....
#....##....
..##....#...#
........#..#
######...@(.#
§§§§§#...#†c#
....§#...#..!#
..∩.§#...##....
....§#...#
#.....
§§§§#...# ##+##
#####....
.......


You could see a centaur warrior.

Vanquished Creatures
  Nessos (D:12)
  2 dire elephants (Lair:5)
  Josephine (Lair:4)
  3 hydras
  3 two-headed ogres
  A boulder beetle (D:12)
  9 death yaks
  Lodul (D:12)
  A spectral anaconda (Lair:5)
  Pikel (D:9)
  An obsidian statue (Lair:5)
  A salamander (Lair:3)
  3 necromancers
  A dire elephant zombie (Lair:5)
  2 manticores
  3 cyclopes
  6 elephants (Lair:5)
  5 black mambas
  2 dire elephant skeletons (Lair:5)
  8 cane toads
  An unseen horror (D:12)
  A kobold demonologist (D:12)
  6 komodo dragons
  A rime drake (Lair:4)
  3 trolls
  A polar bear (Lair:3)
  3 hornets
  16 blink frogs
  10 dream sheep (Lair:3)
  3 slime creatures (D:12)
  3 wraiths
  3 shadows
  A vampire (D:12)
  31 yaks
  3 wyverns
  A steam dragon (D:7)
  2 death yak simulacra (Lair:5)
  A spectral cane toad (Lair:5)
  10 vampire mosquitoes
  A two-headed ogre zombie (D:9)
  11 water moccasins
  An acid dragon (D:10)
  3 ice beasts
  3 black bears
  11 ogres
  3 wolves (Lair:5)
  6 centaurs
  2 elephant skeletons (Lair:5)
  3 lemures (D:9)
  A phantom (D:6)
  2 kobold brigands (D:9)
  3 necrophages
  Blork the orc (D:6)
  A gnoll sergeant (D:12)
  12 bullfrogs
  3 cane toad simulacra (Lair:5)
  2 scorpions
  8 wights
  2 troll zombies (D:9)
  14 killer bees
  An elephant simulacrum (Lair:5)
  An electric eel (Lair:4)
  9 howler monkeys
  3 lava snakes (Lair:3)
  A crimson imp (D:7)
  A gnoll bouda (D:6)
  6 orc priests
  3 hounds
  A jelly (D:6)
  Crazy Yiuf (D:2)
  An iguana (D:7)
  Natasha (twice) (D:2)
  Terence (D:2)
  8 orc wizards
  4 polar bear simulacra (Lair:4)
  2 yak simulacra (Lair:4)
  3 wolf simulacra (Lair:4)
  5 ogre zombies (D:9)
  14 gnolls
  14 adders
  A shadow imp (D:7)
  2 white imps
  A worm (D:2)
  A dart slug (D:4)
  49 orcs
  An endoplasm (D:2)
  2 giant cockroaches
  4 goblins
  7 hobgoblins
  13 kobolds
  5 quokkas
  11 ball pythons
  6 bats
  4 frilled lizards
  3 goblin skeletons
  5 goblin zombies
  2 hobgoblin zombies (D:7)
  2 kobold skeletons (D:7)
  A kobold zombie (D:7)
  5 orc skeletons (D:9)
  21 orc zombies
  5 rats
  2 river rat simulacra (Lair:4)
482 creatures vanquished.

Vanquished Creatures (collateral kills)
  2 dire elephants (Lair:5)
  3 death yaks (Lair:3)
  Urug (Lair:4)
  Sonja (Lair:4)
  A necromancer (Lair:5)
  4 oklob plants (Lair:5)
  An elephant (D:8)
  A wraith (Lair:4)
  A floating eye (Lair:5)
  A black bear (D:8)
  A centaur (D:8)
  A kobold brigand (D:8)
  A kobold (D:8)
19 creatures vanquished.

Vanquished Creatures (others)
  16 fungi
  25 plants
  16 withered plants (Lair:5)
57 creatures vanquished.

Grand Total: 558 creatures vanquished

Notes
Turn   | Place    | Note
-------+----------+-------------------------------------------
     0 | D:1      | wormed the Vine Stalker Berserker began the quest for the
                  | Orb.
     0 | D:1      | Reached XP level 1. HP: 11/11 MP: 2/2
   169 | D:1      | Reached XP level 2. HP: 16/16 MP: 3/3
   814 | D:2      | Reached XP level 3. HP: 13/19 MP: 2/4
   911 | D:2      | Reached skill level 1 in Shields
  1089 | D:2      | Reached ** piety under Trog
  1090 | D:2      | Gained mutation: Your natural rate of healing is unusually
                  | fast. [Vine Stalker growth]
  1090 | D:2      | Reached XP level 4. HP: 24/24 MP: 5/5
  1132 | D:2      | Noticed Natasha
  1138 | D:2      | Killed Natasha
  1294 | D:2      | Reached XP level 5. HP: 28/28 MP: 6/6
  1380 | D:2      | Noticed Natasha
  1392 | D:2      | Killed Natasha
  1457 | D:2      | Found a runed translucent door.
  1458 | D:2      | Noticed Crazy Yiuf
  1640 | D:2      | Noticed Terence
  1643 | D:2      | Killed Terence
  1913 | D:2      | Killed Crazy Yiuf
  2059 | D:3      | Reached XP level 6. HP: 32/32 MP: 7/7
  2625 | D:3      | Found a faded altar of an unknown god.
  3080 | D:4      | Reached XP level 7. HP: 37/37 MP: 8/8
  3258 | D:4      | Found a hazy altar of Hepliaklqana.
  3390 | D:4      | Found a burning altar of Makhleb.
  3401 | D:4      | Identified the +2 ring mail "Noudayq" {rC+}
  3565 | D:5      | Entered Level 5 of the Dungeon
  3816 | D:5      | Reached skill level 5 in Maces & Flails
  4199 | D:5      | Gained mutation: You have razor-sharp teeth. [Vine Stalker
                  | growth]
  4199 | D:5      | Reached XP level 8. HP: 42/42 MP: 9/9
  4529 | D:6      | Reached *** piety under Trog
  4865 | D:6      | Reached XP level 9. HP: 42/46 MP: 10/10
  4930 | D:6      | Found a transporter.
  4930 | D:6      | Identified the +1 giant club "Cethruk" {venom, rCorr Dex+4}
  4930 | D:6      | Noticed a two-headed ogre
  4930 | D:6      | Noticed themarg's ghost (novice GnTm)
  4955 | D:6      | Noticed Blork the orc
  5037 | D:6      | Killed Blork the orc
  5038 | D:6      | Reached skill level 5 in Fighting
  5095 | D:7      | Found a staircase to the Ecumenical Temple.
  5177 | D:7      | Found a glowing golden altar of the Shining One.
  5180 | D:7      | Reached **** piety under Trog
  5416 | D:7      | Noticed a hornet
  5422 | D:7      | Paralysed by a hornet for 3 turns
  5426 | D:7      | Paralysed by a hornet for 1 turns
  5432 | D:7      | Paralysed by a hornet for 2 turns
  5434 | D:7      | Killed a hornet
  5584 | D:7      | Identified the ring "Fuepnipn" {*Slow rPois rF+++ Str+4
                  | Slay+4}
  5812 | D:8      | Reached skill level 5 in Shields
  5812 | D:8      | Reached XP level 10. HP: 40/53 MP: 4/11
  5815 | D:8      | Reached skill level 5 in Dodging
  5851 | D:8      | Found Koduageca's Self-Improvement Boutique.
  5966 | D:8      | Found a staircase to the Lair.
  5966 | D:8      | Noticed an elephant
  5980 | D:8      | Reached skill level 5 in Armour
  5993 | D:8      | Killed an elephant
  6573 | D:9      | Found an iron altar of Okawaru.
  6611 | D:9      | Paralysed by a hornet for 3 turns
  6675 | D:9      | Noticed a cyclops
  6679 | D:9      | Killed a cyclops
  6834 | D:9      | Reached ***** piety under Trog
  6835 | D:9      | Found a staircase to the Orcish Mines.
  6838 | D:9      | Noticed Pikel
  6850 | D:9      | Reached XP level 11. HP: 58/58 MP: 12/12
  6879 | D:9      | Killed Pikel
  7116 | D:9      | Found a sacrificial altar of Ru.
  7222 | D:10     | Entered Level 10 of the Dungeon
  7231 | D:9      | Noticed a two-headed ogre
  7238 | D:9      | Killed a two-headed ogre
  7758 | D:10     | Found a transporter.
  7839 | D:10     | Found a transporter.
  7963 | Lair:1   | Entered Level 1 of the Lair of Beasts
  8056 | Lair:1   | Reached skill level 10 in Maces & Flails
  8576 | Lair:1   | You fall into a shaft and drop 1 floor!
  8576 | Lair:2   | Found a staircase to the Swamp.
  8590 | Lair:2   | Identified the +11 war axe of Honour {heavy, Stlth+}
  8598 | Lair:2   | Identified the +2 plate armour "Noil" {rPois Str+3 Slay-3}
  8926 | Lair:2   | Reached skill level 1 in Axes
  9541 | Lair:3   | Reached XP level 12. HP: 57/63 MP: 10/13
  9552 | Lair:3   | Received a gift from Trog
  9611 | Lair:3   | Noticed a death yak
  9611 | Lair:3   | Noticed a death yak
  9615 | Lair:3   | Noticed a death yak
  9617 | Lair:3   | Noticed a death yak
  9624 | Lair:3   | Noticed a death yak
  9625 | Lair:3   | Noticed a death yak
  9626 | Lair:3   | Killed a death yak
  9633 | Lair:3   | Killed a death yak
  9639 | Lair:3   | Killed a death yak
  9646 | Lair:3   | Killed a death yak
  9648 | Lair:3   | Killed a death yak
  9649 | Lair:3   | Killed a death yak
  9849 | Lair:3   | Reached skill level 5 in Axes
  9875 | Lair:3   | Noticed a six-headed hydra
 10082 | Lair:3   | Killed a six-headed hydra
 10404 | Lair:3   | Found a staircase to the Snake Pit.
 10411 | Lair:3   | Reached XP level 13. HP: 37/69 MP: 3/14
 10513 | Lair:4   | Noticed Urug
 10514 | Lair:4   | Noticed Sonja
 10522 | Lair:4   | Killed Urug
 10527 | Lair:4   | Killed Sonja
 10543 | Lair:4   | Noticed Josephine
 10550 | Lair:4   | Killed Josephine
 10788 | Lair:4   | Identified the +0 pair of gloves of the Distant Future {rF+
                  | Will+ Dex+2}
 11314 | Lair:5   | Entered Level 5 of the Lair of Beasts
 11344 | Lair:5   | Noticed a dire elephant
 11344 | Lair:5   | Noticed a dire elephant
 11344 | Lair:5   | Noticed a dire elephant
 11345 | Lair:5   | Noticed a dire elephant
 11368 | Lair:5   | Killed a dire elephant
 11464 | Lair:5   | Found a staircase to the Slime Pits.
 11651 | Lair:5   | Paralysed by a floating eye for 3 turns
 12314 | Lair:5   | Reached XP level 14. HP: 75/75 MP: 5/15
 12333 | Lair:5   | Received a gift from Trog
 12356 | Lair:5   | Killed a dire elephant
 12358 | Lair:5   | Killed a dire elephant
 12361 | Lair:5   | Killed a dire elephant
 13441 | D:12     | Noticed Lodul
 13474 | D:12     | Killed Lodul
 13495 | D:12     | Reached skill level 10 in Fighting
 13517 | D:12     | Noticed Nessos
 13526 | D:12     | Killed Nessos
 13548 | D:12     | Found Cytwuppi's Weapon Boutique.
 13614 | D:12     | Received a gift from Trog
 14060 | D:8      | Bought a manual of Shields for 1040 gold pieces
 14181 | D:13     | Found Rudwog's Changing Room.
 14194 | D:13     | Reached skill level 10 in Axes
 14195 | D:13     | HP: 1/77 [six-headed hydra (10)]
 14197 | D:13     | Shot with an arrow by a centaur warrior

Illustrated notes

Levels and vault maps discovered:
D:1:      lordsloth_arrival_two_stooges, layout_basic, minivault_24
D:2:      minmay_spotlight, layout_loops_ring, minmay_snake_closets,
          uniq_natasha, uniq_terence, uniq_crazy_yiuf_cottage
D:3:      layout_basic, hellmonk_ecumenical_altar_crossroads
D:4:      layout_rooms, bloody_makhleb, nicolae_overflow_crystal_walls
D:5:      layout_loops_ring, nicolae_fountain_basement
D:6:      layout_basic, gammafunk_ghost_smash, minmay_misc_feat_pillars,
          kennysheep_generic_room_2, uniq_blork_the_orc
D:7:      layout_rooms, nicolae_tso_besieged_by_evil, minmay_temple_entry_ruins,
          small_statue_intersection
D:8:      layout_loops_ring, david_lair_generic, nicolae_shop_self_help
D:9:      layout_rooms, kennysheep_mini, mainiacjoe_overflow_boulevard,
          zombieorc2_lemuel, minmay_misc_feat_ornament, eino_jars, uniq_pikel
D:10:     layout_roguey, nicolae_diode_stairs
D:11:     layout_roguey
D:12:     layout_rooms, serial_shops, shop, uniq_lodul, uniq_nessos
D:13:     minmay_the_grid_net [minmay_the_grid_outer_diamond,
          minmay_the_grid_outer_circle, minmay_the_grid_dragon_a,
          minmay_the_grid_dragon_b, minmay_the_grid_garden,
          minmay_the_grid_prize_big_room], layout_long_grid,
          nicolae_transmutations_shop, nicolae_lava_and_water
Lair:1:   layout_loops_ring, minivault_27, serial_bayou_shore_b,
          serial_bayou_shore_b
Lair:2:   layout_long_grid, minmay_swamp_entry_swarm,
          chequers_serial_rivers_small_a
Lair:3:   layout_regular_city, nicolae_snake_entry_warm_welcome,
          grunt_megastairs_3, infiniplex_staircase_pool
Lair:4:   layout_gridlike, serial_bayou_pond_d, eino_house_with_fridge,
          uniq_josephine, uniq_urug, uniq_sonja
Lair:5:   due_jungle_book, layout_regular_city, slime_entry_1, disabler_island,
          grunt_megastairs_4

Skill      XL: |  1  2  3  4  5  6  7  8  9 10 11 12 13 14 |
---------------+-------------------------------------------+-----
Maces & Flails | 3 4 5 6 7 9 10 | 10.1
Fighting       | 3 4 5 6 7 8 9 10 | 10.2
Dodging        | 2 3 4 5 6 7 8 9 |  9.1
Shields        | 1 2 3 5 6 7 8 9 |  9.8
Armour         | 2 3 4 5 6 7 8 9 |  9.1
Axes           | 2 6 8 10 | 10.0

Action                   |  1- 3 |  4- 6 |  7- 9 | 10-12 | 13-15 || total
-------------------------+-------+-------+-------+-------+-------++-------
Melee: Mace              |    69 |    57 |       |       |       ||   126
       Bite              |    10 |    23 |    63 |   117 |   175 ||   388
       Quarterstaff      |       |    61 |   175 |       |       ||   236
       Flail             |       |       |    33 |   257 |       ||   290
       Punch             |       |       |       |    10 |     4 ||    14
       War axe           |       |       |       |    34 |       ||    34
       Eveningstar       |       |       |       |    89 |   422 ||   511
Throw: Dart              |       |       |       |     2 |     1 ||     3
Invok: Berserk           |     1 |     2 |     2 |     2 |     3 ||    10
       Brothers in Arms  |       |       |       |     2 |     5 ||     7
       Trog's Hand       |       |       |       |     1 |     2 ||     3
  Use: Scroll            |     4 |     6 |     7 |     3 |     4 ||    24
 Stab: Sleeping          |       |       |       |     1 |       ||     1
Armor: Animal skin       |     3 |       |       |       |       ||     3
       Ring mail         |    16 |    27 |   108 |    37 |       ||   188
       Leather armour    |     2 |       |       |       |       ||     2
       Troll leather arm |       |       |       |    95 |    93 ||   188
Dodge: Dodged            |    46 |    69 |   150 |   242 |   267 ||   774
Block: Other             |       |       |       |    43 |    74 ||   117
       Buckler           |       |       |       |       |    27 ||    27
       Reflection        |       |       |       |       |     3 ||     3

Table legend: (Time is in decaauts)
 A = Elapsed time spent in this place.
 B = Non-inter-level travel time spent in this place.
 C = Inter-level travel time spent in this place.
 D = Time resting spent in this place.
 E = Time spent auto-exploring this place.
 F = Levels seen in this place.
 G = Mean time per level.
                   A        B        C        D        E       F      G
               +--------+--------+--------+--------+--------+-----+--------+
         Total |  14371 |  13109 |   1262 |      8 |  10075 |  18 |  798.4 |
       Dungeon |   9552 |   8546 |   1006 |      6 |   6494 |  13 |  734.8 |
          Lair |   4819 |   4563 |    256 |      1 |   3581 |   5 |  963.8 |
               +--------+--------+--------+--------+--------+-----+--------+

Top non-repeatable levels by time:
  Lair:5: 1342 daAuts
     D:2: 1314 daAuts
  Lair:3: 963 daAuts
     D:9: 906 daAuts
     D:3: 892 daAuts
     D:4: 890 daAuts
     D:8: 880 daAuts
  Lair:4: 874 daAuts
  Lair:1: 825 daAuts
     D:1: 815 daAuts
  Lair:2: 813 daAuts
    D:10: 727 daAuts
    D:11: 682 daAuts
     D:5: 675 daAuts
     D:6: 595 daAuts
